woodfighter, lawful female dwarven Priestess -------------------------- |>.......................| |.......----------------.| -------.------ |.| |...........| |.| |...........| |.| --------.----| |.| |............| |.| |............| |.| -----.-------- ------|.| |..........| --|...%%|.| |..........| |)m@.f.%|.| |..`...`..-- |-|...%.|.| -------.---- |.-..(....| |........| |-|...%.|-- |........| |.-.....| |...------ --|.....| ----- ------- woodfighter the Adept Experience level: 7 Strength: 14 Dexterity: 14 Constitution: 15 Intelligence: 17 Wisdom: 10 Charisma: 10 Health: 0(50) Energy: 68(68) Def: 10 Gold: 632 Moves: 6590 Dungeon seed: sFg6ocPsyh0hKi_O Game ID: woodfighter_1553608792 Your Inventory: Coins $ - 632 gold pieces Weapons a - a blessed +1 mace (weapon in hand) Armor e - a +0 orcish helm n - a +0 small shield (being worn) q - a +0 cloak of protection (being worn) z - a blessed +5 pair of low boots (being worn) N - a +0 mummy wrapping Comestibles d - 3 sprigs of wolfsbane f - 3 tripe rations l - 2 eggs K - 2 cream pies L - 2 lichen corpses O - 3 food rations Scrolls H - a scroll of enchant weapon J - a scroll of earth Rings i - a ring of polymorph control o - a ring of teleport control p - a ring of slow digestion B - a ring of conflict P - a ring of poison resistance S - a ring of slow digestion Wands g - a wand of teleportation (0:6) k - a wand of magic missile (0:4) m - a wand of lightning (0:7) C - a wand of striking (0:4) T - a wand of locking (0:5) V - a wand of cancellation (0:5) Tools s - a bag of holding M - a bag of tricks (0:10) Q - a sack Contents of the bag of holding: a potion of blindness Spells and supernatural/magical abilities: Name Level Category Fail Memory l - light 1 divination 0% 68% p - protection 1 clerical 0% 68% S - stone to flesh 3 healing 92% 68% W - pray for help -- divine ? -- X - turn undead -- divine ? -- Your skills at the end: Miscellaneous Skills shield [Basic] wands [Basic] Weapon Skills pick-axe [Basic] mace [Basic] Spellcasting Skills clerical spells [Basic] Final Attributes: You were devoutly aligned. Your writing hand was ok. You had infravision. You were very stealthy. You were held by a giant mimic. You were protected. You are dead. Vanquished creatures: a giant mimic a dingo a dust vortex a raven an imp a rock mole a pony a fog cloud a shrieker a kobold mummy a black naga hatchling 2 gray oozes 4 giant ants a floating eye 3 homunculi 2 iguanas 2 hill orcs 2 rabid rats a centipede 4 jitterbugs 3 dwarf zombies a werejackal 3 killer bees 3 coyotes 2 acid blobs a large kobold 6 geckos 3 hobgoblins 8 giant rats 2 cave spiders 2 brown molds 3 yellow molds 2 green molds a red mold 8 manes a gnome zombie 8 jackals 2 kobolds 2 newts a goblin 5 sewer rats 7 grid bugs 4 bats 8 lichens 4 kobold zombies 122 creatures vanquished. Voluntary challenges: You did not adorn yourself with jewelry or accessories. You did not cause conflict. You were not invisible. You did not have reflection. You were not displaced. You were an atheist. You used a wielded weapon 172 times, starting on turn 111. You did not apply a unicorn horn. You did not use plumbed fixtures. You did not drink any magical draughts. You read items or engraved 3 times, starting on turn 2707. You never genocided any monsters. You never polymorphed an object. You never changed form. You completed Sokoban on turn 6462, according to the rules. You used no wishes. You never split a pudding. You never wrote Elbereth's name. You never violated your personal moral code. Dungeon overview: The Dungeons of Doom: levels 1 to 7 Level 1 (box) a sink a long staircase Level 2 (box) a fountain Level 3 a fountain stairs to The Gnomish Mines Level 4 a general store Level 5 (vault + eye) a fountain Level 6 many fountains Level 7 a fountain stairs to Sokoban The Gnomish Mines: Level 4 stairs to The Dungeons of Doom Sokoban: levels 3 to 6 Level 3 <- You were here a magic chest Level 4 Level 5 Level 6 a magic chest stairs to The Dungeons of Doom History has recorded: On T:1 you entered the Dungeons of Doom to retrieve the Amulet of Yendor! On T:402 you reached level 2 of The Dungeons of Doom. On T:739 you reached level 3 of The Dungeons of Doom. On T:831 you advanced to experience level 2. On T:1141 you reached level 1 of The Gnomish Mines. On T:1502 you reached level 4 of The Dungeons of Doom. On T:1554 you advanced to experience level 3. On T:1828 you reached level 5 of The Dungeons of Doom. On T:1865 you advanced to experience level 4. On T:1872 you reached level 6 of The Dungeons of Doom. On T:2426 you advanced to experience level 5. On T:2739 you reached level 7 of The Dungeons of Doom. On T:2813 you reached level 4 of Sokoban. On T:2866 you opened a magic chest. On T:2973 you advanced to experience level 6. On T:3362 you reached level 3 of Sokoban. On T:4245 you reached level 2 of Sokoban. On T:5081 you reached level 1 of Sokoban. On T:6462 you advanced to experience level 7. On T:6462 you entered the Sokoban zoo. Score breakdown: Gold: 632 ( 63 points) Experience: 7 levels ( 600 points) Exploration: 7 levels ( 180 points) Discoveries: 19 items ( 950 points) Variety of kills: 45 monsters ( 2000 points) Major goal: finished Sokoban ( 1000 points) Survival: died (score multiplied by 3) Total score: 14379 Latest messages: Swapping: s - a bag called holding. Q - a sack. The door opens. Kitty picks up a gecko corpse. The door resists! (2x) The door opens. The dwarvish spear hits the giant mimic. (2x) The dwarvish spear hits the giant mimic! The dwarvish spear hits the giant mimic. You hit the giant mimic. The giant mimic bumps right into you! You hit the giant mimic. You hit the giant mimic! You hit the giant mimic. The giant mimic claws you! (2x) You hit the giant mimic. You hit the giant mimic! (2x) Kitty drops a gecko corpse. The giant mimic claws you! (2x) You die... The sack is empty. The sack is empty. Final status: Goodbye woodfighter the Priestess, killed by a giant mimic... You died in Sokoban on dungeon level 3 with 14379 points, and 632 pieces of gold, after 6590 moves. You were level 7 with a maximum of 50 hit points when you died.